 Dungeon Sprint DCSS version 0.22-a0-354-g30dfbe6 (webtiles) character file.

131 Kikal the Ruffian (level 4, -2/54 HPs)
             Began as a Troll Transmuter on Apr 16, 2018.
             Slain by a shadow (30 damage)
             ... in the Dungeon (Sprint III: "The Ten Rune Challenge").
             The game lasted 00:02:39 (270 turns).

Kikal the Ruffian (Troll Transmuter)                 Turns: 270, Time: 00:02:39

Health: -2/54      AC:  6    Str: 18    XL:     4   Next: 91%
Magic:  8/8        EV: 10    Int: 10    God:
Gold:   9          SH:  0    Dex: 10    Spells: 3/9 levels left

rFire    . . .     SeeInvis .     - Unarmed
rCold    . . .     Gourm    +   (no shield)
rNeg     . . .     Faith    .   b - +0 robe
rPois    .         Spirit   .   (helmet restricted)
rElec    .         Reflect  .   k - +0 cloak
rCorr    .         Harm     .   (gloves unavailable)
MR       .....     NoTele   +   (boots unavailable)
Stlth    +.........             (no amulet)
HPRegen  0.58/turn              (no ring)
MPRegen  0.11/turn              (no ring)

@: no status effects
A: large, unfitting armour, claws 3, hooves 1, horns 1, fast metabolism 3,
gourmand, regeneration 1, robust 2, shaggy fur 1, tough skin 2
a: no special abilities


You were in the Dungeon.
You were not hungry.

You visited 1 branch You collected 9 gold pieces.

Inventory:

Missiles
 a - 9 arrows
Armour
 b - a +0 robe (worn)
 k - a +0 cloak (worn)
Scrolls
 c - 3 scrolls of remove curse
 j - a scroll of blinking
 l - 2 scrolls of holy word {unknown}
 m - 4 scrolls of identify
Potions
 e - a potion of curing
 f - a potion of heal wounds
 g - a potion of haste
 h - 2 potions of magic
 i - a potion of berserk rage
 n - a potion of flight {unknown}
 o - 5 potions of mutation
Comestibles
 d - 5 rations


   Skills:
 * Level 3.2 Fighting
 - Level 1.5 Dodging
 * Level 5.9 Unarmed Combat
 + Level 3.4 Spellcasting
 + Level 4.1 Transmutations
 + Level 0.0 Poison Magic


You had 3 spell levels left.
You knew the following spells:

 Your Spells              Type           Power        Failure   Level  Hunger
a - Beastly Appendage     Tmut           #.....       4%          1    #......
b - Sticks to Snakes      Tmut           #.......     8%          2    ###....
c - Spider Form           Tmut/Pois      #.........   34%         3    ###....


Dungeon Overview and Level Annotations

Branches:
Dungeon (1/1)

Altars:


Innate Abilities, Weirdness & Mutations

You are too large for most types of armour.
You have claws for hands.
Your metabolism is lightning-fast.
You like to eat raw meat.
Your natural rate of healing is unusually fast.
You are covered in fur. (AC +1)
You have very tough skin. (AC +2)
You have large cloven feet.
You have a pair of small horns on your head.
You are very robust. (+20% HP)


Message History

Found a ration.
A shadow comes into view.
The shadow slips into darkness.
The shadow flickers and vanishes!
Deactivating autopickup; reactivate with Ctrl-A.
There is an open door here.
You swing at nothing.
You closely miss something. You kick something.
The shadow strikes at you from the darkness!
Ouch! That really hurt!
Reactivating autopickup.
You take 27 damage, and have 27/54 hp.
MASSIVE DAMAGE!!
You claw the shadow! You kick the shadow, but do no damage.
The shadow slips into darkness.
The shadow flickers and vanishes!
Deactivating autopickup; reactivate with Ctrl-A.
You miss something. Your kick misses something. You headbutt something.
The shadow strikes at you from the darkness!
Ouch! That really hurt!
You die...

▓▓▓ # ##.# #####..#
.#..#..#
.#..#..###+#+###+##
.##'#..#..........#
.###...'.⌠......@.#
####...#...######{#
###....#.⌠.# #{.J#
##.....#...# #...#
#.)....#+### #...#
.#.....# #..%+
###....# +...#
▓▓▓▓▓▓ ▓▓▓▓▓


You could see a jelly.

Vanquished Creatures
  A water elemental (D)
  Crazy Yiuf (D)
  Jessica (D)
  A human (D)
  3 rats (D)
7 creatures vanquished.

Vanquished Creatures (others)
  2 draconian scorchers (D)
  6 hellions (D)
  A yaktaur (D)
  4 plants (D)
13 creatures vanquished.

Grand Total: 20 creatures vanquished

Notes
Turn   | Place    | Note
-------+----------+-------------------------------------------
     0 | D        | Kikal the Troll Transmuter began the quest for the Orb.
     0 | D        | Reached XP level 1. HP: 18/18 MP: 1/1
    11 | D        | Reached skill level 1 in Fighting
    60 | D        | Noticed Jessica
    63 | D        | Killed Jessica
    63 | D        | Reached skill level 4 in Unarmed Combat
    63 | D        | Reached XP level 2. HP: 27/27 MP: 2/4
    67 | D        | Learned a level 2 spell: Sticks to Snakes
    79 | D        | Reached XP level 3. HP: 30/35 MP: 1/5
   124 | D        | Learned a level 3 spell: Spider Form
   129 | D        | Noticed Crazy Yiuf
   132 | D        | Killed Crazy Yiuf
   132 | D        | Reached skill level 5 in Unarmed Combat
   132 | D        | Reached XP level 4. HP: 42/44 MP: 3/7
   138 | D        | Killed a hellion
   138 | D        | Killed a hellion
   138 | D        | Killed a hellion
   139 | D        | Killed a hellion
   174 | D        | Killed a yaktaur
   174 | D        | Killed a white draconian scorcher
   174 | D        | Killed a white draconian scorcher
   186 | D        | Gained mutation: You have a pair of small horns on your head. [potion of mutation]
   186 | D        | Gained mutation: You have large cloven feet. [potion of mutation]
   186 | D        | Gained mutation: You are robust. (+10% HP) [potion of mutation]
   186 | D        | Gained mutation: You are very robust. (+20% HP) [potion of mutation]
   203 | D        | Noticed a water elemental
   210 | D        | Killed a water elemental
   244 | D        | Killed a hellion
   245 | D        | Killed a hellion
   265 | D        | Noticed a shadow
   270 | D        | Slain by a shadow

Vault maps used:
D:        dungeon_sprint_mu

Skill      XL: |  1  2  3  4 |
---------------+-------------+-----
Fighting       | 1 2 3 |  3.2
Unarmed Combat | 4 5 |  5.9
Spellcasting   | 2 3 |  3.4
Transmutations | 2 3 4 |  4.1
Dodging        | |  1.5

Action                   |  1- 3 |  4- 6 || total
-------------------------+-------+-------++-------
Melee: Unarmed           |    18 |     9 ||    27
       Punch             |     1 |       ||     1
       Kick              |       |     2 ||     2
       Headbutt          |       |     1 ||     1
 Cast: Sticks to Snakes  |     2 |     1 ||     3
  Use: Potion            |       |     1 ||     1
 Stab: Distracted        |     1 |       ||     1
  Eat: Chunk             |     3 |       ||     3
Armor: Robe              |     1 |       ||     1
Dodge: Dodged            |     5 |     3 ||     8

Table legend:
 A = Spawn XP
 B = Non-spawn XP
 C = Spawn XP percentage of total XP
 D = Spawn monster count
 E = Non-spawn monster count
 F = Spawn count percentage of total count
 G = Total turns spent on level
                    A         B        C        D         E        F      G
               +---------+---------+-------+---------+---------+-------+---------
         Total |       0 |     188 |   0.0 |       0 |       7 |   0.0 |   270
               +---------+---------+-------+---------+---------+-------+---------
             D |       0 |     188 |   0.0 |       0 |       7 |   0.0 |   270
               +---------+---------+-------+---------+---------+-------+---------
